 Dungeon Crawl Stone Soup version 0.31.0-12-g77e489cdc1 (webtiles) character file.

Game seed: 15761302243396751935

25 monsoonserge the Covert (level 2, -2/16 HPs)
             Began as a Spriggan Delver on Feb 23, 2024.
             Slain by an adder (4 damage)
             ... on level 5 of the Dungeon.
             The game lasted 00:00:31 (64 turns).

monsoonserge the Covert (Spriggan Delver)             Turns: 64, Time: 00:00:32

Health: -2/16      AC:  2    Str:  8    XL:     2   Next: 86%
Magic:  3/3        EV: 17    Int: 11    God:
Gold:   8          SH:  0    Dex: 16    Spells: 1/1 levels left

rFire   . . .        a - +0 short sword
rCold   . . .        (no shield)
rNeg    . . .        b - +0 robe
rPois   .            (helmet restricted)
rElec   .            (no cloak)
rCorr   .            (gloves unavailable)
SInv    +            (boots unavailable)
Will    .....        (no amulet)
Stlth   ++++         (no ring)
HPRegen 0.22/turn    (no ring)
MPRegen 0.08/turn

%: no passive effects
@: very quick
A: very small, no large weapons, unfitting armour, see invisible, speed 3
a: no special abilities


You were on level 5 of the Dungeon.
You visited 1 branch of the dungeon, and saw 1 of its levels.

You collected 8 gold pieces.

Inventory:

Hand Weapons
 a - a +0 short sword (weapon)
Armour
 b - a +0 robe (worn)
Wands
 g - a wand of digging (3)
Scrolls
 c - a scroll of fog
 d - a scroll of revelation
 e - a scroll of fear
Potions
 f - a potion of haste


   Skills:
 + Level 2.5 Fighting
 * Level 2.3 Short Blades
 + Level 2.7 Dodging
 + Level 8.2 Stealth


You had one spell level left.
You didn't know any spells.
Your spell library was empty.

Dungeon Overview and Level Annotations

Branches:
Dungeon (5/15)
 Temple: D:4-7

Altars:


Innate Abilities, Weirdness & Mutations

You are very small and have problems with some larger weapons.
You are too small for most types of armour.
You have supernaturally acute eyesight. (SInv)
You cover ground extremely quickly. (Speed+++)


Message History

You miss the adder. The adder completely misses you. The adder misses you.
You closely miss the adder. The adder closely misses you.
You completely miss the adder. The adder barely misses you.
You hit the adder.
The adder is moderately wounded.
The adder misses you.
You miss the adder.
The adder is moderately wounded.
The adder bites you.
You are poisoned.
The adder poisons you!
You miss the adder. You punch the adder.
The adder is heavily wounded.
You feel sick. The adder misses you.
You hit the adder but do no damage.
The adder is heavily wounded.
You feel sick. The adder completely misses you. The adder bites you.
You closely miss the adder.
The adder is heavily wounded.
You feel sick. The adder barely misses you.
You hit the adder but do no damage.
The adder is heavily wounded.
You feel sick.
You are no longer poisoned.
The adder bites you.
* * * LOW HITPOINT WARNING * * *
You hit the adder.
The adder is almost dead.
The adder completely misses you.
Your movement speed is very quick.
Your attack delay is about 0.8.
Your damage rating with your +0 short sword is about 6 (Base 5 x 115% (Dex) x 108% (Skill)).
You barely miss the adder.
The adder is almost dead.
The adder bites you.
* * * LOW HITPOINT WARNING * * *
Press: ? - help, v - describe, . - travel The floor.
Unknown command.
The adder attacks as it pursues you! The adder bites you.
You die...

#..........#
#..........#
#..........#
#..........#
#..........#
#..........#
#..........#
#...S......#
####@####### .# #.#
#.# #.######### #.#
####.........####.#
#.....######...##.#
+.....# #####.##.#
#.....####.....##.###
#...................[
#......###.....##....


You could see an adder.

Vanquished Creatures
  An iguana (D:5)
1 creature vanquished.

Notes
Turn   | Place    | Note
-------+----------+-------------------------------------------
     0 | D:5      | monsoonserge the Spriggan Delver began the quest for the
                  | Orb.
     0 | D:5      | Reached XP level 1. HP: 11/11 MP: 2/2
    19 | D:5      | Noticed an iguana
    21 | D:5      | Killed an iguana
    22 | D:5      | Reached skill level 8 in Stealth
    22 | D:5      | Reached XP level 2. HP: 16/16 MP: 3/3
    64 | D:5      | Slain by an adder

Illustrated notes

Levels and vault maps discovered:
D:5:      layout_basic, minmay_temple_entry_waves, minmay_mini_ossuary

Skill      XL: |  1 |
---------------+----+-----
Stealth        | 8 |  8.2
Fighting       | |  2.5
Short Blades   | |  2.3
Dodging        | |  2.7

Action                     || total
---------------------------++-------
  Melee: Short sword       ||    14
         Punch             ||     1
   Stab: Sleeping          ||     1
 Armour: Robe              ||     7
  Dodge: Dodged            ||     9
